 Dungeon Crawl Stone Soup version 0.21.0-24-g2553a33 (webtiles) character file.

4 tidbits the Magician (level 1, 20/20 HPs)
             Began as a Gnoll Wanderer on Jan 19, 2018.
             Quit the game on level 2 of the Dungeon.
             The game lasted 00:01:27 (228 turns).

tidbits the Magician (Gnoll Wanderer)                Turns: 228, Time: 00:01:28

Health: 20/20      AC:  2    Str: 15    XL:     1   Next: 70%
Magic:  3/6        EV: 11    Int: 14    God:
Gold:   44         SH:  0    Dex: 13    Spells: 8/9 levels left

rFire    . . .     SeeInvis .   d - +0 club
rCold    . . .     Gourm    .   (no shield)
rNeg     . . .     Faith    .   c - +0 robe
rPois    .         Spirit   .   (no helmet)
rElec    .         Reflect  .   (no cloak)
rCorr    .         Harm     .   (no gloves)
MR       .....                  (no boots)
Stlth    ++........             (no amulet)
HPRegen  0.06/turn              (no ring)
MPRegen  0.10/turn              (no ring)

@: no status effects
A: distributed training, fangs 1, strong nose
a: no special abilities


You were on level 2 of the Dungeon.
You were not hungry.

You visited 1 branch of the dungeon, and saw 2 of its levels.

You collected 44 gold pieces.

Inventory:

Hand Weapons
 d - a +0 club (weapon)
 e - a +0 dagger
Armour
 c - a +0 robe (worn)
 h - a +0 ring mail
Scrolls
 g - a scroll of teleportation {unknown}
 j - a scroll of amnesia {unknown}
Potions
 b - 2 potions of curing
 i - a potion of lignification {unknown}
 k - a potion of might {unknown}
Books
 a - a Young Poisoner's Handbook

   Spells                             Type                      Level
   a - Sting                          Conjuration/Poison           1
   b - Poisonous Vapours              Poison/Air                   2
   c - Mephitic Cloud                 Conjuration/Poison/Air       3
   d - Olgreb's Toxic Radiance        Poison                       4
   e - Venom Bolt                     Conjuration/Poison           5
Comestibles
 f - 2 rations


   Skills:
 + Level 4.4 Fighting
 + Level 0.1 Short Blades
 + Level 0.1 Long Blades
 + Level 0.1 Axes
 + Level 0.1 Maces & Flails
 + Level 2.4 Polearms
 + Level 0.1 Staves
 + Level 0.1 Slings
 + Level 0.1 Bows
 + Level 0.1 Crossbows
 + Level 0.1 Throwing
 + Level 0.1 Armour
 + Level 0.1 Dodging
 + Level 4.0 Stealth
 + Level 0.1 Shields
 + Level 0.1 Unarmed Combat
 + Level 4.9 Spellcasting
 + Level 0.1 Conjurations
 + Level 0.1 Hexes
 + Level 3.6 Charms
 + Level 0.1 Summonings
 + Level 0.1 Necromancy
 + Level 0.1 Translocations
 + Level 0.1 Transmutations
 + Level 0.1 Fire Magic
 + Level 0.1 Ice Magic
 + Level 0.1 Air Magic
 + Level 0.1 Earth Magic
 + Level 2.0 Poison Magic
 + Level 0.2 Invocations
 + Level 0.1 Evocations


You had 8 spell levels left.
You knew the following spells:

 Your Spells              Type           Power        Failure   Level  Hunger
a - Sting                 Conj/Pois      #...         12%         1    None


Dungeon Overview and Level Annotations

Branches:
Dungeon (2/15)

Altars:

Annotations:
D:2 Sigmund


Innate Abilities, Weirdness & Mutations

Your experience applies equally to all skills.
You have very sharp teeth.
Your uncanny sense of smell can sniff out nearby items.


Message History

There is a stone staircase leading down here.
You climb downwards.
A goblin and Sigmund come into view.
Sigmund shouts!
There is a stone staircase leading up here.
Unknown command.
You can't go down here!
You climb upwards.
There is a stone staircase leading down here.
Unknown command.
Found a murky red potion.
You see here a murky red potion.
k - a murky red potion
Found a ration.
Found 24 stones and a robe.
Found 19 gold pieces.
Found 18 stones.
You see here a ration.
f - 2 rations (gained 1)
Found 15 stones.
You see here 19 gold pieces.
You now have 44 gold pieces (gained 19).
A kobold comes into view. It is wielding a whip.
The kobold shouts!
You open the door.
Casting: Sting
Confirm with . or Enter, or press ? or * to list all spells.
Aiming: Sting
Press: ? - help, Shift-Dir - straight line, f - kobold
Aim: a kobold, wielding a whip The sting hits the kobold.
The kobold appears unharmed.
Casting: Sting
Confirm with . or Enter, or press ? or * to list all spells.
Aiming: Sting
Press: ? - help, Shift-Dir - straight line, f/p - kobold
Aim: a kobold, wielding a whip The sting misses the kobold.
Casting: Sting
Confirm with . or Enter, or press ? or * to list all spells.
Aiming: Sting
Press: ? - help, Shift-Dir - straight line, f/p - kobold
Aim: a kobold, wielding a whip The sting hits the kobold.
The kobold is poisoned.
The kobold is moderately wounded.
You kill the kobold!
Things that are here:
a whip; a kobold corpse A frilled lizard comes into view.
The helpless frilled lizard fails to defend itself.
You hit the frilled lizard.
The frilled lizard is heavily wounded.
The frilled lizard bites you but does no damage.
You closely miss the frilled lizard.
The frilled lizard is heavily wounded.
The frilled lizard bites you but does no damage.
The frilled lizard bites you.
You hit the frilled lizard.
You kill the frilled lizard!
Your Poison Magic skill increases to level 2!
Found a stone staircase leading down.
There is a stone staircase leading down here.
You climb downwards.
Level annotation: Sigmund
Found a scroll labeled ZUB XUGAGGOUL and a ration.
There is a stone staircase leading up here.
Unknown command.
You see here a scroll labeled ZUB XUGAGGOUL.
As you read the scroll labeled ZUB XUGAGGOUL, it crumbles to dust.
You feel blessed for a moment.
It was a scroll of remove curse.
Found a scroll labeled BUOMIC YFFE. 2 hobgoblins come into view.
The hobgoblin shouts!
The hobgoblin hits you but does no damage.
Found a dagger.
A giant cockroach comes into view.
Casting: Sting
Confirm with . or Enter, or press ? or * to list all spells.
Aiming: Sting
Press: ? - help, Shift-Dir - straight line, f - hobgoblin
Aim: a hobgoblin, wielding a club The sting hits the hobgoblin.
The hobgoblin is poisoned.
The hobgoblin is moderately wounded.
Casting: Sting
Confirm with . or Enter, or press ? or * to list all spells.
Aiming: Sting
Press: ? - help, Shift-Dir - straight line, f/p - hobgoblin
Aim: a hobgoblin, wielding a club (moderately wounded, poisoned)
The sting hits the hobgoblin.
The hobgoblin appears unharmed.
The hobgoblin is moderately wounded.
The goblin shouts!
The hobgoblin hits you but does no damage.
Casting: Sting
Confirm with . or Enter, or press ? or * to list all spells.
Aiming: Sting
Press: ? - help, Shift-Dir - straight line, f/p - hobgoblin
Aim: a hobgoblin, wielding a club (heavily wounded, poisoned)
The sting hits the hobgoblin.
The hobgoblin is severely wounded.
The hobgoblin barely misses you.
Are you sure you want to abandon this character and quit the game? (Confirm with "yes".)

#........ .#.
#......@# ...?
#.......# ... ##
#......<# #.. .
######### #.# .#
#######.# .)#
######......## #g.#
#.........##.###...#
#.####.##.###@#...%###
#.# #.##.####g.......
#.# #.#...###g...###.
#.# #......##.#### #.#
#............. #.#
##....<#### #.#
##...## #.# ##.##
#.#######.#


You could see 2 hobgoblins.

Vanquished Creatures
  A goblin (D:1)
  A hobgoblin (D:1)
  A frilled lizard (D:1)
  A kobold (D:1)
  A rat (D:1)
5 creatures vanquished.

Notes
Turn   | Place    | Note
-------+----------+-------------------------------------------
     0 | D:1      | tidbits the Gnoll Wanderer began the quest for the Orb.
     0 | D:1      | tidbits set off with: a Young Poisoner's Handbook, a potion of curing, a +0 robe, a +0 club, a +0 dagger, a ration
     0 | D:1      | Reached XP level 1. HP: 20/20 MP: 6/6
    25 | D:1      | Learned a level 1 spell: Sting
    92 | D:2      | Noticed Sigmund
   178 | D:1      | Reached skill level 2 in Poison Magic
   228 | D:2      | Quit the game

Skill      XL: |  1 |
---------------+----+-----
Poison Magic   | 2 |  2.0
Fighting       | |  4.4
Short Blades   | |  0.1
Long Blades    | |  0.1
Axes           | |  0.1
Maces & Flails | |  0.1
Polearms       | |  2.4
Staves         | |  0.1
Slings         | |  0.1
Bows           | |  0.1
Crossbows      | |  0.1
Throwing       | |  0.1
Armour         | |  0.1
Dodging        | |  0.1
Stealth        | |  4.0
Shields        | |  0.1
Unarmed Combat | |  0.1
Spellcasting   | |  4.9
Conjurations   | |  0.1
Hexes          | |  0.1
Charms         | |  3.6
Summonings     | |  0.1
Necromancy     | |  0.1
Translocations | |  0.1
Transmutations | |  0.1
Fire Magic     | |  0.1
Ice Magic      | |  0.1
Air Magic      | |  0.1
Earth Magic    | |  0.1
Invocations    | |  0.2
Evocations     | |  0.1

Action                   || total
-------------------------++-------
Melee: Club              ||     6
 Cast: Sting             ||    10
  Use: Scroll            ||     1
 Stab: Sleeping          ||     2
Armor: Robe              ||     2
Dodge: Dodged            ||     2

Table legend:
 A = Turns spent in this place as a percentage of turns spent in the entire game.
 B = Non-inter-level travel turns spent in this place as a percentage of non-inter-level travel turns spent in the entire game.
 C = Inter-level travel turns spent in this place as a percentage of turns spent in this place.
 D = Turns resting spent in this place as a percentage of non-inter-level travel turns spent in this place.
 E = Turns spent auto-exploring this place as a percentage of non-inter-level travel turns spent in this place.
 F = Non-inter-level travel turns spent in this place divided by the number of levels of this place that you've seen.
                   A       B       C       D       E      F
               +-------+-------+-------+-------+-------+----------------------
         Total | 100.0 | 100.0 |   0.0 |   0.0 |   0.0 | 114.0
       Dungeon | 100.0 | 100.0 |   0.0 |   0.0 |   0.0 | 114.0
               +-------+-------+-------+-------+-------+----------------------

Table legend:
 A = Kills in this place as a percentage of kills in entire the game.
 B = Kills by you in this place as a percentage of kills by you in the entire game.
 C = Kills by friends in this place as a percentage of kills by friends in the entire game.
 D = Other kills in this place as a percentage of other kills in the entire game.
 E = Experience gained in this place as a percentage of experience gained in the entire game.
 F = Experience gained in this place divided by the number of levels of this place that you have seen.
                   A       B       C       D       E      F
               +-------+-------+-------+-------+-------+----------------------
         Total | 100.0 | 100.0 |   N/A |   N/A | 100.0 |   3.5
       Dungeon | 100.0 | 100.0 |   N/A |   N/A | 100.0 |   3.5
               +-------+-------+-------+-------+-------+----------------------

Vault maps used:
D:1:      kennysheep_arrival_forest, serial_bayou_ford_a, lemuel_old_faithful
D:2:      nicolae_dithmenos_through_a_glass_darkly, first_ration, uniq_natasha,
          uniq_sigmund
